 Dungeon Crawl Stone Soup version 0.30-a0-1-g69b7b797bf (webtiles) character file.

Game seed: 3191820504796514506

63936 Labrn the Unseen (level 14, -22/68 (72) HPs)
             Began as a Spriggan Enchanter on Aug 19, 2022.
             Was the Champion of Dithmenos.
             Annihilated by an orc warlord
             ... wielding a +0 glaive
              (25 damage)
             ... on level 1 of the Orcish Mines.
             The game lasted 00:58:22 (26543 turns).

Labrn the Unseen (Spriggan Enchanter)              Turns: 26543, Time: 00:58:22

HP:   -22/68 (72)   AC: 10    Str:  6 (8)  XL:     14   Next: 69%
MP:   21/33         EV: 22    Int: 15 (17) God:    Dithmenos [******]
Gold: 1300          SH:  5    Dex: 11 (16) Spells: 20/41 levels left

rFire   . . .      SeeInvis +    q - +3 dagger (elec)
rCold   . . .      Faith    .    (no shield)
rNeg    . . .      Spirit   .    A - +2 robe {Will+}
rPois   .          Reflect  +    (helmet restricted)
rElec   .          Harm     .    f - +1 cloak
rCorr   .          Rampage  .    (gloves unavailable)
Will    +++..                    (boots unavailable) Stlth *+++++++++
                                 t - amulet of reflection
HPRegen 0.21/turn                p - +4 ring of protection
MPRegen 0.23/turn                J - +4 ring of slaying

@: wreathed by umbra, drained, very quick
A: very small, no large weapons, unfitting armour, see invisible, speed 3,
deterioration 2
a: Renounce Religion, Shadow Step, Shadow Form


You were on level 1 of the Orcish Mines.
You worshipped Dithmenos.
Dithmenos was exalted by your worship.
You visited 4 branches of the dungeon, and saw 22 of its levels.
You also visited: Bailey.

You collected 2090 gold pieces.
You spent 790 gold pieces at shops.

Inventory:

Hand Weapons
 q - a +3 dagger of electrocution (weapon)
Armour
 f - a +1 cloak (worn)
 A - a +2 robe of willpower (worn)
 H - a scarf of invisibility
Jewellery
 b - a ring of protection from cold
 p - a +4 ring of protection (left hand)
 t - an amulet of reflection (around neck)
 w - a ring of protection from fire
 D - a ring of flight
 J - a +4 ring of slaying (right hand)
Wands
 r - a wand of mindburst (5)
 y - a wand of flame (46)
Scrolls
 d - 4 scrolls of amnesia
 e - 8 scrolls of vulnerability
 l - a scroll of butterflies
 m - 7 scrolls of teleportation
 o - 2 scrolls of fear
 v - a scroll of immolation
 z - a scroll of magic mapping
 E - a scroll of blinking
 F - a scroll of brand weapon
Potions
 a - a potion of resistance
 c - 6 potions of invisibility
 g - 18 potions of curing
 h - 4 potions of ambrosia
 i - 7 potions of heal wounds
 j - 4 potions of flight
 k - 2 potions of haste
 n - 2 potions of lignification
 s - a potion of berserk rage
 u - 4 potions of cancellation
 x - 4 potions of might
 B - 3 potions of magic
Miscellaneous
 C - a box of beasts (inert)
 G - a condenser vane (inert)


   Skills:
 + Level 7.6 Fighting
 + Level 10.1 Short Blades
 + Level 12.2 Dodging
 + Level 17.9 Stealth
 + Level 14.4 Spellcasting
 * Level 16.4 Hexes


You had 20 spell levels left.
You knew the following spells:

 Your Spells              Type           Power      Damage    Failure   Level
a - Ensorcelled Hibernat  Hex/Ice        70%        N/A       1%          2
b - Tukima's Dance        Hex            56%        N/A       1%          3
c - Dazzling Flash        Conj/Hex       70%        N/A       1%          3
d - Confusing Touch       Hex            56%        N/A       1%          3
e - Blink                 Tloc           20%        N/A       10%         2
f - Discord               Hex            28%        N/A       43%         8

Your spell library contained the following spells:

 Spells                   Type           Power      Damage    Failure   Level
 Portal Projectile        Hex/Tloc       70%        N/A       1%          3
 Beastly Appendage        Tmut           20%        N/A       6%          1
 Summon Mana Viper        Hex/Summ       35%        N/A       6%          5
 Passwall                 Tmut/Erth      8%         N/A       10%         2
 Scorch                   Fire           20%        2d6       10%         2
 Static Discharge         Conj/Air       10%        3-5/arc   10%         2
 Wereblood                Tmut           10%        N/A       10%         2
 Lesser Beckoning         Tloc           10%        N/A       19%         3
 Spider Form              Tmut/Pois      10%        N/A       19%         3
 Swiftness                Air            10%        N/A       19%         3
 Dispel Undead            Necr           10%        3d9       52%         4
 Flame Wave               Conj/Fire      10%        2d6       52%         4
 Hailstorm                Conj/Ice       10%        3d5       52%         4
 Ice Form                 Ice/Tmut       10%        N/A       52%         4
 Sticky Flame             Conj/Fire      10%        2d3       52%         4
 Blade Hands              Tmut           5%         N/A       86%         5
 Fireball                 Conj/Fire      5%         3d5       86%         5
 Manifold Assault         Tloc           10%        N/A       86%         5
 Summon Forest            Summ/Tloc      5%         N/A       86%         5
 Conjure Ball Lightning   Conj/Air       5%         3x3d6     100%        6
 Simulacrum               Ice/Necr       5%         N/A       100%        6
 Starburst                Conj/Fire      5%         6d4       100%        6
 Summon Cactus Giant      Summ           5%         N/A       100%        6
 Borgnjor's Revivificati  Necr           5%         N/A       100%        8
 Disjunction              Tloc           5%         N/A       100%        8
 Ignition                 Fire           5%         3d4       100%        8
 Necromutation            Tmut/Necr      5%         N/A       100%        8
 Death's Door             Necr           5%         N/A       100%        9


Dungeon Overview and Level Annotations

Branches:
Dungeon (15/15)            Temple (1/1) D:7            Lair (5/5) D:8
  Swamp (0/4) Lair:3        Snake (0/4) Lair:3        Slime (0/5) Lair:5
    Orc (1/2) D:12         Vaults (0/5) D:13         Bailey (visited)
 Depths: D:15

Altars:
Ashenzari
Dithmenos
Elyvilon
Fedhas
Gozag
Hepliaklqana
Kikubaaqudgha
Makhleb
Okawaru
Qazlal
Ru
Sif Muna
Trog
Uskayaw
Wu Jian
Yredelemnul
Zin
The Shining One
Jiyva

Shops:
D:1 =[*[   D:5 =   D:12 ([

Annotations:
D:3 3 runed translucent doors, flestrin's ghost, amateur DsNe
D:7 2 transporters, Menkaure


Innate Abilities, Weirdness & Mutations

You are very small and have problems with some larger weapons.
You are too small for most types of armour.
You have supernaturally acute eyesight. (SInv)
You cover ground extremely quickly. (Speed+++)
Your body often deteriorates upon taking damage.


Message History

There is a staircase back to the Dungeon, spattered with blood here.
Unknown command.
Casting: Tukima's Dance (safe; 1% risk of failure)
Confirm with . or Enter, or press ? or * to list all spells.
Aiming: Tukima's Dance (safe; 1% risk of failure)
Press: ? - help, Shift-Dir - straight line, f - orc warlord
Aim: an orc warlord, wielding a +0 glaive and wearing a +0 chain mail (lightly wounded, umbra, chance to affect: 39%)
The orc warlord resists with some effort.
Unknown command.
Casting: Tukima's Dance (safe; 1% risk of failure)
Confirm with . or Enter, or press ? or * to list all spells.
Aiming: Tukima's Dance (safe; 1% risk of failure)
Press: ? - help, Shift-Dir - straight line, f/p - orc warlord
Aim: an orc warlord, wielding a +0 glaive and wearing a +0 chain mail (lightly wounded, umbra, chance to affect: 39%)
The orc warlord resists with some effort.
You block the orc warlord's attack. The orc sorcerer misses you.
Unknown command.
Casting: Tukima's Dance (safe; 1% risk of failure)
Confirm with . or Enter, or press ? or * to list all spells.
Aiming: Tukima's Dance (safe; 1% risk of failure)
Press: ? - help, Shift-Dir - straight line, f/p - orc warlord
Aim: an orc warlord, wielding a +0 glaive and wearing a +0 chain mail (lightly wounded, umbra, chance to affect: 39%)
The orc warlord resists with some effort.
The orc warlord hits you from afar with a +0 glaive!!!
Ouch! That really hurt!
Your body deteriorates!
You feel clumsy.
You emit a cloud of dark smoke.
You block the orc sorcerer's attack.
Casting: Tukima's Dance (safe; 1% risk of failure)
Confirm with . or Enter, or press ? or * to list all spells.
Aiming: Tukima's Dance (safe; 1% risk of failure)
Press: ? - help, Shift-Dir - straight line, f/p - orc warlord
Aim: an orc warlord, wielding a +0 glaive and wearing a +0 chain mail (lightly wounded, umbra, chance to affect: 39%)
The orc warlord resists with some effort.
The orc sorcerer gestures at you while chanting.
The bolt of negative energy hits you!!
You feel drained.
* * * LOW HITPOINT WARNING * * *
Your body deteriorates!
You feel clumsy.
You emit a cloud of dark smoke.
The orc warlord hits you from afar with a +0 glaive!!
You die...

##....#....#
###......#....
##...........$#
#.............#
#.............
##............
##$...§§§......
#....§§@§o.#
##$#..§o§§.....
##..§.§..$..
#......$...
...........
...##.......
.... .......
##... .#.##..


You could see an orc warlord and an orc sorcerer (strong).

Vanquished Creatures
  Kirke (D:14)
  5 boulder beetles
  4 vault guards (D:13)
  6 hydras
  2 centaur warriors (D:14)
  7 two-headed ogres
  A merfolk avatar (Lair:5)
  6 death yaks (Lair:5)
  2 tengu warriors (D:14)
  A deep elf knight (D:13)
  4 sea snakes (Lair:5)
  A deep elf pyromancer (D:13)
  2 ugly things
  2 cyclopes
  2 orc sorcerers (D:13)
  4 manticores
  3 black mambas
  A torpor snail (Lair:5)
  11 elephants
  Maurice (D:10)
  2 gargoyles
  11 cane toads
  An efreet (D:13)
  Psyche (D:8)
  7 komodo dragons
  An unseen horror (D:11)
  A rime drake (Lair:5)
  4 polar bears (Lair:5)
  A troll (D:12)
  A troll (shapeshifter) (D:14)
  A wind drake (Lair:5)
  2 hornets
  10 slime creatures
  18 blink frogs
  A shadow (D:9)
  A vampire (Bailey)
  A wraith (D:11)
  19 yaks
  6 wyverns
  3 steam dragons
  5 basilisks
  A hog (D:14)
  Grum (D:8)
  10 vampire mosquitoes
  A warg (D:12)
  2 nagas (Lair:3)
  2 acid dragons
  10 water moccasins
  Duvessa (D:4)
  10 orc warriors
  3 ice beasts
  3 sky beasts
  4 black bears
  4 ogres
  4 wolves (D:7)
  6 centaurs
  A phantom (D:7)
  2 kobold brigands
  8 bullfrogs
  2 gnoll sergeants
  A necrophage (D:7)
  5 scorpions
  Dowan (D:4)
  10 killer bees (D:9)
  A howler monkey (D:9)
  7 wolf zombies (Bailey)
  7 vampire bats (Bailey)
  3 electric eels (Lair:5)
  A crimson imp (D:6)
  7 jellies
  Crazy Yiuf (D:2)
  2 gnoll boudas
  5 orc priests
  5 hounds
  Jessica (D:3)
  5 iguanas
  Ijyb (D:3)
  13 orc wizards
  10 adders
  15 gnolls
  2 shadow imps
  A white imp (D:6)
  2 worms
  4 dart slugs
  45 orcs
  8 bats
  9 endoplasms
  2 giant cockroaches
  10 goblins
  9 hobgoblins
  4 jackals (D:1)
  15 kobolds
  5 quokkas
  8 ball pythons
  2 frilled lizards
  21 orc zombies (Bailey)
  9 rats
495 creatures vanquished.

Vanquished Creatures (collateral kills)
  A vault guard (D:13)
  A tengu warrior (D:11)
  Maggie (D:7)
  A yaktaur (D:13)
  A tengu conjurer (D:11)
  A human (D:13)
  An ogre (D:12)
  2 orc wizards
  5 gnolls
  7 orcs
  A goblin (D:3)
22 creatures vanquished.

Vanquished Creatures (others)
  17 dancing weapons
  2 orcs (Orc:1)
  26 fungi
  65 plants
110 creatures vanquished.

Grand Total: 627 creatures vanquished

Notes
Turn   | Place    | Note
-------+----------+-------------------------------------------
     0 | D:1      | Labrn the Spriggan Enchanter began the quest for the Orb.
     0 | D:1      | Reached XP level 1. HP: 9/9 MP: 5/5
   331 | D:2      | Reached XP level 2. HP: 13/13 MP: 7/7
   334 | D:2      | Learned a level 2 spell: Ensorcelled Hibernation
   517 | D:2      | You fall into a shaft and drop 2 floors!
   536 | D:4      | Noticed a scorpion
   608 | D:3      | Reached XP level 3. HP: 15/16 MP: 3/9
   612 | D:3      | Learned a level 3 spell: Tukima's Dance
   616 | D:3      | Learned a level 3 spell: Confusing Touch
  1019 | D:1      | Found Oddie's General Store.
  1038 | D:1      | Bought a potion of curing for 42 gold pieces
  1038 | D:1      | Bought a scroll of identify for 28 gold pieces
  1079 | D:1      | Found a faded altar of an unknown god.
  1749 | D:1      | Found Mupluy's Armour Shoppe.
  1771 | D:1      | Reached XP level 4. HP: 21/21 MP: 11/11
  1928 | D:1      | Found Oblaod's Armour Boutique.
  1956 | D:1      | Reached skill level 5 in Hexes
  1965 | D:1      | Found Vunt's Jewellery Shop.
  2042 | D:1      | Learned a level 3 spell: Dazzling Flash
  2422 | D:2      | Reached XP level 5. HP: 24/24 MP: 8/13
  2607 | D:2      | Found a runed translucent door.
  2608 | D:2      | Noticed Crazy Yiuf
  2615 | D:2      | Killed Crazy Yiuf
  2616 | D:2      | Reached skill level 5 in Spellcasting
  2984 | D:2      | Reached skill level 5 in Stealth
  3477 | D:3      | Reached XP level 6. HP: 23/28 MP: 7/15
  3549 | D:3      | Noticed flestrin's ghost (amateur DsNe)
  3551 | D:3      | Found a runed translucent gate.
  3551 | D:3      | Found a runed translucent gate.
  3551 | D:3      | Found a runed translucent gate.
  3689 | D:3      | Noticed Ijyb
  3699 | D:3      | Killed Ijyb
  3730 | D:3      | Noticed Jessica
  3739 | D:3      | Killed Jessica
  4026 | D:4      | Reached skill level 6 in Stealth
  4445 | D:4      | Found a sacrificial altar of Ru.
  4568 | D:4      | Reached XP level 7. HP: 32/32 MP: 17/17
  4569 | D:4      | Noticed Dowan
  4618 | D:4      | Noticed Duvessa
  4637 | D:4      | Killed Dowan
  4650 | D:4      | Killed Duvessa
  4651 | D:4      | Reached skill level 7 in Stealth
  5087 | D:5      | Entered Level 5 of the Dungeon
  5237 | D:5      | Identified a scroll of acquirement
  5237 | D:5      | Acquired 727 gold pieces
  5339 | D:5      | Reached skill level 8 in Stealth
  5370 | D:5      | Reached XP level 8. HP: 36/36 MP: 19/19
  5422 | D:5      | Found Huffefrimn's Jewellery Boutique.
  5762 | D:6      | Reached skill level 9 in Stealth
  6707 | D:6      | Reached skill level 10 in Stealth
  7318 | D:6      | Reached XP level 9. HP: 24/39 MP: 19/22
  7681 | D:7      | Found a staircase to the Ecumenical Temple.
  7726 | Temple   | Entered the Ecumenical Temple
  7747 | Temple   | Became a worshipper of Dithmenos the Shadowed
  7807 | D:7      | Reached skill level 11 in Stealth
  7989 | D:7      | Found a transporter.
  7989 | D:7      | Found a basalt altar of Yredelemnul.
  7991 | D:7      | Found a transporter.
  8008 | D:7      | Noticed Menkaure
  8015 | D:7      | Found an ancient bone altar of Kikubaaqudgha.
  8255 | D:7      | Noticed Maggie
  8263 | D:7      | Killed Maggie
  8264 | D:7      | Reached skill level 10 in Hexes
  8360 | D:7      | Reached skill level 10 in Spellcasting
  8761 | D:8      | Reached skill level 12 in Stealth
  8769 | D:8      | Reached skill level 1 in Fighting
  8772 | D:8      | Reached * piety under Dithmenos
  8785 | D:8      | Found a shimmering blue altar of Sif Muna.
  8787 | D:8      | Found a glowing golden altar of the Shining One.
  8787 | D:8      | Found an opulent altar of Gozag.
  8789 | D:8      | Found a hazy altar of Hepliaklqana.
  8830 | D:8      | Found a staircase to the Lair.
  8862 | D:8      | Noticed Grum
  9146 | D:7      | Reached XP level 10. HP: 33/46 MP: 25/25
  9263 | D:8      | Killed Grum
  9467 | D:8      | Noticed a two-headed ogre
  9474 | D:8      | Killed a two-headed ogre
 10074 | D:8      | Found a broken altar of Ashenzari.
 10104 | D:8      | Noticed Psyche
 10122 | D:8      | Found a glowing silver altar of Zin.
 10138 | D:8      | Killed Psyche
 10139 | D:8      | Reached skill level 5 in Dodging
 10225 | D:8      | Found a blossoming altar of Fedhas.
 10227 | D:8      | Found a stormy altar of Qazlal.
 10499 | D:8      | Found a bloodstained altar of Trog.
 10672 | D:9      | Noticed a two-headed ogre
 10679 | D:9      | Killed a two-headed ogre
 10680 | D:9      | Reached skill level 13 in Stealth
 10926 | D:9      | Found a flagged portal.
 10983 | D:9      | Reached ** piety under Dithmenos
 11002 | Bailey   | Entered a bailey
 11751 | Bailey   | Noticed a gargoyle
 11763 | Bailey   | Killed a gargoyle
 11791 | Bailey   | Identified the +1 pair of gloves of the Old World {-Tele
                  | rCorr Str+3}
 11793 | Bailey   | Identified the +2 ring mail of Elutsot {rF+ rC- Int+4}
 11856 | D:9      | Learned a level 2 spell: Blink
 11928 | D:9      | Reached XP level 11. HP: 46/52 MP: 22/27
 12234 | D:9      | Reached *** piety under Dithmenos
 12315 | D:9      | Gained mutation: Potions are less effective at restoring
                  | your health. [potion of mutation]
 12315 | D:9      | Gained mutation: You possess an exceptional clarity of
                  | mind. [potion of mutation]
 12620 | D:10     | Entered Level 10 of the Dungeon
 12654 | D:10     | Reached skill level 5 in Short Blades
 12683 | D:10     | Noticed Maurice
 12685 | D:10     | Killed Maurice
 13431 | D:11     | Noticed a boulder beetle
 13547 | D:11     | Killed a boulder beetle
 13548 | D:11     | Reached skill level 14 in Stealth
 13576 | D:11     | Noticed a tengu warrior
 13587 | D:11     | Killed a tengu warrior
 13713 | D:11     | Lost mutation: You possess an exceptional clarity of mind.
                  | [potion of mutation]
 13713 | D:11     | Lost mutation: Potions are less effective at restoring your
                  | health. [potion of mutation]
 13713 | D:11     | Gained mutation: Your body sometimes deteriorates upon
                  | taking damage. [potion of mutation]
 13713 | D:11     | Gained mutation: Your body often deteriorates upon taking
                  | damage. [potion of mutation]
 13841 | D:11     | Noticed a two-headed ogre
 13848 | D:11     | Killed a two-headed ogre
 14173 | D:11     | Noticed a red ugly thing
 14180 | D:11     | Killed a red ugly thing
 14239 | D:11     | Identified the +2 helmet of the Stars {Int+4}
 14926 | D:12     | Noticed a two-headed ogre
 14927 | D:12     | Killed a two-headed ogre
 14964 | D:12     | Reached **** piety under Dithmenos
 15089 | D:12     | Noticed a brown ugly thing
 15093 | D:12     | Killed a brown ugly thing
 15094 | D:12     | Reached XP level 12. HP: 58/58 MP: 26/29
 15123 | D:12     | Noticed a two-headed ogre
 15125 | D:12     | Found a staircase to the Orcish Mines.
 15126 | D:12     | Found Itad Bao's Weapon Shop.
 15153 | D:12     | Killed a two-headed ogre
 15289 | D:12     | Found Otecoj's Armour Shop.
 15527 | D:12     | Reached skill level 15 in Stealth
 15570 | D:12     | Reached skill level 5 in Fighting
 15640 | D:12     | Noticed a boulder beetle
 15649 | D:12     | Killed a boulder beetle
 15701 | D:12     | Noticed a two-headed ogre
 15718 | D:12     | Killed a two-headed ogre
 16100 | D:13     | Learned a level 8 spell: Discord
 16112 | D:13     | Found Jeamusick's Distillery.
 16113 | D:13     | Noticed a five-headed hydra
 16121 | D:13     | Killed a five-headed hydra
 16669 | D:13     | Noticed a vault guard
 16670 | D:13     | Noticed a vault guard
 16685 | D:13     | Killed a vault guard
 16818 | D:13     | Noticed a vault guard
 17276 | D:13     | Noticed a boulder beetle
 17288 | D:13     | Killed a boulder beetle
 17521 | D:13     | Noticed a vault guard
 17524 | D:13     | Noticed a vault guard
 17535 | D:13     | Killed a vault guard
 17535 | D:13     | Killed a vault guard
 17584 | D:13     | Killed a vault guard
 17725 | D:13     | Killed a vault guard
 17740 | D:13     | Found a gate to the Vaults.
 17819 | D:14     | Reached skill level 10 in Dodging
 17819 | D:14     | Reached skill level 16 in Stealth
 17819 | D:14     | Reached XP level 13. HP: 65/65 MP: 29/31
 18470 | D:14     | Noticed Kirke
 18490 | D:14     | Killed Kirke
 18772 | D:15     | Entered Level 15 of the Dungeon
 18791 | D:13     | Bought a potion of flight for 45 gold pieces
 18791 | D:13     | Bought a potion of magic for 120 gold pieces
 18791 | D:13     | Bought a potion of invisibility for 120 gold pieces
 18791 | D:13     | Bought a potion of resistance for 150 gold pieces
 18791 | D:13     | Bought a potion of magic for 120 gold pieces
 18791 | D:13     | Bought a potion of flight for 45 gold pieces
 18791 | D:13     | Bought a potion of heal wounds for 75 gold pieces
 18791 | D:13     | Bought a potion of curing for 45 gold pieces
 18928 | Lair:1   | Entered Level 1 of the Lair of Beasts
 20328 | Lair:2   | Reached ***** piety under Dithmenos
 20358 | Lair:2   | You fall into a shaft and drop 1 floor!
 20391 | Lair:3   | Found a staircase to the Swamp.
 20451 | Lair:3   | Reached skill level 15 in Hexes
 21605 | Lair:3   | Found a staircase to the Snake Pit.
 21661 | Lair:3   | Reached skill level 17 in Stealth
 22213 | Lair:4   | Reached XP level 14. HP: 70/70 MP: 24/32
 22754 | Lair:5   | Entered Level 5 of the Lair of Beasts
 24962 | Lair:5   | Reached skill level 10 in Short Blades
 25062 | Lair:5   | Found a viscous altar of Jiyva.
 25063 | Lair:5   | Found a staircase to the Slime Pits.
 25625 | Orc:1    | Entered Level 1 of the Orcish Mines
 25625 | Orc:1    | Noticed an orc warlord
 26293 | D:12     | Reached ****** piety under Dithmenos
 26543 | Orc:1    | HP: 3/68 [orc sorcerer/bolt of negative energy[an orc
                  | warlord] (33)]
 26543 | Orc:1    | Annihilated by an orc warlord

Illustrated notes

Levels and vault maps discovered:
D:1:      erik_arrival_blinker_ship, layout_loops_cross,
          ebering_ecumenical_altar_webs, serial_shops, nicolae_shop_waterfront,
          shop, shop, nicolae_shop_behind_doors
D:2:      layout_basic, uniq_crazy_yiuf_cottage
D:3:      layout_rooms, gammafunk_ghost_split, uniq_jessica, uniq_ijyb
D:4:      layout_cave_pools, kennysheep_little_box, minmay_misc_feat_columns,
          uniq_duvessa
D:5:      layout_basic, serial_shops, shop
D:6:      minmay_chambers_of_fours, layout_cave_pools, minmay_fire_ice_demons
D:7:      layout_loops_ring, gammafunk_temple_of_torment,
          minmay_temple_entry_antechambers, uniq_maggie
D:8:      layout_basic, grunt_temple_overflow_open,
          ashenzari_conservatory_becter, bloody_trog,
          grunt_lair_entry_orc_guard_hut, uniq_psyche, uniq_grum
D:9:      layout_roguey, enter_bailey_5
D:10:     layout_rooms, serial_park_tiny_2, uniq_maurice
D:11:     minmay_skewed_foursquare, layout_basic
D:12:     wander_river, layout_gridville, orc_david_3
D:13:     layout_cave_pools, grunt_vaults_entry_fortified, eino_curves_04,
          nicolae_take_the_stairs
D:14:     layout_gridville, uniq_kirke
D:15:     hangedman_depths_entry_try_elsewhere_first, layout_long_grid,
          chequers_serial_rivers_large_b, enter_trove_0, serial_shops,
          nicolae_diamond_shop, elyvilon_altar_5
Temple:   chequers_temple_sunken
Lair:1:   layout_chaotic_city, serial_bayou_shore_a
Lair:2:   layout_loops_ring, hibernation_bobbens
Lair:3:   layout_gridlike, minmay_swamp_entry_swarm, guppyfry_snake_entry_island
Lair:4:   layout_concentric_octagons, serial_bayou_pond_e,
          infiniplex_staircase_pool_2
Lair:5:   gammafunk_lair_ancient_temple, layout_regular_city,
          nicolae_slime_entry_slimehenge, serial_bayou_lagoon_b
Orc:1:    layout_caves, mines2_david

Skill      XL: |  1  2  3  4  5  6  7  8  9 10 11 12 13 14 |
---------------+-------------------------------------------+-----
Spellcasting   | 3 4 5 6 7 8 10 11 12 13 14 | 14.4
Hexes          | 4 5 6 7 9 10 11 12 13 15 16 | 16.4
Stealth        | 5 6 8 10 12 13 14 16 17 | 17.9
Dodging        | 4 6 8 10 11 12 | 12.2
Fighting       | 1 3 4 5 6 7 |  7.6
Short Blades   | 2 4 6 7 9 10 | 10.1

Action                   |  1- 3 |  4- 6 |  7- 9 | 10-12 | 13-15 || total
-------------------------+-------+-------+-------+-------+-------++-------
Melee: Dagger            |    86 |   185 |   262 |   539 |   611 ||  1683
       Punch             |       |       |     4 |     4 |     9 ||    17
 Cast: Ensorcelled Hiber |     7 |    34 |    46 |    64 |    75 ||   226
       Tukima's Dance    |       |     9 |    13 |    48 |    20 ||    90
       Confusing Touch   |       |     3 |     7 |    12 |    11 ||    33
       Dazzling Flash    |       |       |     1 |       |    31 ||    32
Invok: Shadow Step       |       |       |       |     1 |       ||     1
Evoke: Wand              |       |     1 |       |     5 |     9 ||    15
       Box of beasts     |       |       |       |       |     2 ||     2
       Condenser vane    |       |       |       |       |     2 ||     2
  Use: Potion            |     1 |     1 |     1 |     6 |     5 ||    14
       Scroll            |     7 |     7 |     7 |    10 |     7 ||    38
 Stab: Sleeping          |    18 |    29 |    54 |    82 |    68 ||   251
       Confused          |       |     1 |    10 |     9 |    11 ||    31
       Distracted        |       |       |     3 |     5 |     3 ||    11
       Invisible         |       |       |       |       |    21 ||    21
Armor: Robe              |     9 |    42 |    48 |   104 |    66 ||   269
Dodge: Dodged            |    61 |   175 |   176 |   457 |   502 ||  1371
Block: Other             |       |       |    37 |   107 |    97 ||   241
       Reflection        |       |       |       |     2 |       ||     2

Table legend: (Time is in decaauts)
 A = Elapsed time spent in this place.
 B = Non-inter-level travel time spent in this place.
 C = Inter-level travel time spent in this place.
 D = Time resting spent in this place.
 E = Time spent auto-exploring this place.
 F = Levels seen in this place.
 G = Mean time per level.
                   A        B        C        D        E       F      G
               +--------+--------+--------+--------+--------+-----+--------+
         Total |  20573 |  19611 |    962 |   3216 |  12339 |  23 |  894.5 |
       Dungeon |  14816 |  14082 |    734 |   2084 |   9277 |  15 |  987.7 |
        Temple |     25 |     16 |      9 |      0 |      7 |   1 |   25.0 |
          Lair |   5022 |   4805 |    217 |   1051 |   2725 |   5 | 1004.4 |
  Orcish Mines |     23 |     23 |      0 |      0 |      0 |   1 |   23.0 |
        Bailey |    684 |    684 |      0 |     80 |    329 |   1 |  684.0 |
               +--------+--------+--------+--------+--------+-----+--------+

Top non-repeatable levels by time:
     D:6: 1483 daAuts
    D:12: 1478 daAuts
    D:13: 1452 daAuts
     D:2: 1434 daAuts
  Lair:4: 1431 daAuts
  Lair:5: 1344 daAuts
     D:7: 1191 daAuts
     D:8: 1183 daAuts
     D:1: 1166 daAuts
    D:11: 1088 daAuts
  Lair:3: 932 daAuts
     D:9: 841 daAuts
     D:4: 828 daAuts
    D:14: 743 daAuts
     D:3: 733 daAuts
